 Dungeon Crawl Stone Soup version 0.30-a0-918-g0ff054e9dc (webtiles) character file.

Game seed: 6916806545620787050

10 Awesone959 the Digger (level 2, 0/20 HPs)
             Began as a Ghoul Earth Elementalist on Mar 20, 2023.
             Slain by a jackal (3 damage)
             ... on level 2 of the Dungeon.
             The game lasted 00:02:40 (178 turns).

Awesone959 the Digger (Ghoul Earth Elementalist)     Turns: 178, Time: 00:02:41

Health: 0/20       AC: 10    Str: 11    XL:     2   Next: 20%
Magic:  5/5        EV:  2    Int: 10    God:
Gold:   9          SH:  0    Dex:  9    Spells: 6/7 levels left

rFire   + . .      SeeInvis .    (no weapon)
rCold   . . .      Faith    .    (no shield)
rNeg    + + +      Spirit   .    c - +0 plate armour
rPois   ∞          Reflect  .    (no helmet)
rElec   .          Rampage  .    (no cloak)
rCorr   .                        (no gloves)
Will    .....                    (no boots) Stlth
                                 (no amulet)
HPRegen 0.00/turn                d - ring of fire
MPRegen 0.09/turn                (no ring)

@: inhibited regen
A: claws 1, cold resistance 1, negative energy resistance 3, inhibited
regeneration, torment resistance 2, devour on kill
a: no special abilities


You were on level 2 of the Dungeon.
You visited 1 branch of the dungeon, and saw 2 of its levels.

You collected 9 gold pieces.

Inventory:

Armour
 a - a +0 robe
 c - a +0 plate armour (worn)
Jewellery
 d - a ring of fire (left claw)
Potions
 b - a potion of magic


   Skills:
 + Level 4.2 Dodging
 + Level 4.2 Stealth
 + Level 3.0 Spellcasting
 + Level 2.6 Transmutations
 + Level 4.7 Earth Magic


You had 6 spell levels left.
You knew the following spells:

 Your Spells              Type           Power      Damage    Failure   Level
a - Sandblast             Erth           20%        2d7       100%        1

Your spell library contained the following spells:

 Spells                   Type           Power      Damage    Failure   Level
 Passwall                 Tmut/Erth      6%         N/A       100%        2
 Stone Arrow              Conj/Erth      12%        3d7       100%        3
 Petrify                  Tmut/Erth      8%         N/A       100%        4


Dungeon Overview and Level Annotations

Branches:
Dungeon (2/15)

Altars:


Innate Abilities, Weirdness & Mutations

You are immune to poison.
You have sharp fingernails.
Your flesh is cold resistant. (rC+)
You are immune to negative energy. (rN+++)
You do not regenerate when monsters are visible.
You are immune to unholy pain and torment.
You thrive by killing the living.


Message History

The jackal bites you but does no damage.
You scratch the jackal but do no damage.
The jackal is severely wounded.
The jackal bites you but does no damage. x2
You closely miss the jackal.
The jackal is heavily wounded.
The jackal bites you but does no damage.
You scratch the jackal but do no damage.
The jackal is heavily wounded.
The jackal bites you.
* * * LOW HITPOINT WARNING * * *
The jackal bites you but does no damage.
You barely miss the jackal. You claw the jackal.
The jackal is severely wounded.
The jackal bites you but does no damage.
You scratch the jackal.
You kill the jackal!
Found a curved jewelled staff.
You see here a jackal corpse.
You start resting.
A jackal comes into view.
A jackal is nearby!
The jackal barks!
You open the door.
There is an open door here.
There's a creature in the doorway!
There's a creature in the doorway!
The jackal bites you but does no damage.
You open the door.
The jackal bites you but does no damage.
The jackal attacks as you move away!
The jackal bites you but does no damage.
The jackal bites you.
* * * LOW HITPOINT WARNING * * *
There is an open door here.
There's a creature in the doorway!
You barely miss the jackal.
The jackal bites you but does no damage.
The jackal bites you.
You die...

#########
#........
#####........
#...h@.......
######'##........
#.............#+#
#.....<.#.#...#
#.....††#+#+#.#
#.............#
#.............|
#............##.
#........>...#


You could see a jackal.

Vanquished Creatures
  A jackal (D:2)
  A quokka (D:2)
  A bat (D:1)
3 creatures vanquished.

Notes
Turn   | Place    | Note
-------+----------+-------------------------------------------
     0 | D:1      | Awesone959 the Ghoul Earth Elementalist began the quest for
                  | the Orb.
     0 | D:1      | Reached XP level 1. HP: 14/14 MP: 2/2
    15 | D:1      | Reached XP level 2. HP: 20/20 MP: 3/5
   178 | D:2      | Slain by a jackal

Illustrated notes

Levels and vault maps discovered:
D:1:      sevenhm_arrival_forest_fort_small_3, layout_loops_ring
D:2:      layout_basic, chequers_hall_statues_wall_a

Skill      XL: |  1 |
---------------+----+-----
Dodging        | 4 |  4.2
Stealth        | 4 |  4.2
Spellcasting   | 3 |  3.0
Transmutations | 2 |  2.6
Earth Magic    | 4 |  4.7

Action                     || total
---------------------------++-------
  Melee: Unarmed           ||    22
         Punch             ||     1
    Use: Potion            ||     1
         Scroll            ||     1
 Armour: Plate armour      ||    38
  Dodge: Dodged            ||     5

Table legend: (Time is in decaauts)
 A = Elapsed time spent in this place.
 B = Non-inter-level travel time spent in this place.
 C = Inter-level travel time spent in this place.
 D = Time resting spent in this place.
 E = Time spent auto-exploring this place.
 F = Levels seen in this place.
 G = Mean time per level.
                   A        B        C        D        E       F      G
               +--------+--------+--------+--------+--------+-----+--------+
         Total |    177 |    177 |      0 |      0 |      0 |   2 |   88.5 |
       Dungeon |    177 |    177 |      0 |      0 |      0 |   2 |   88.5 |
               +--------+--------+--------+--------+--------+-----+--------+

Top non-repeatable levels by time:
     D:1: 152 daAuts
     D:2: 24 daAuts
